Cogmind - Beta 13 @@@ ROGUE MODE // 2024.04.08 @ 18:20:59 Player: Fractal Result: Destroyed by QP-RTY(R) with Subdweller Beam Cannon Performance ------------- Evolutions (0) 0 Regions Visited (2) 400 Robots Destroyed (22) 110 Value Destroyed (239) 239 Prototype IDs (2) 40 Alien Tech Used (0) 0 Bonus (0) 0 TOTAL SCORE: 789 Bonus ------- None Cogmind --------- Core Integrity 0/250 Matter 260/300 Energy 20/100 System Corruption 1% Temperature Warm (104) Movement Core (250) Ox4 Location -10/Subcaves Parts ------- > --- POWER (1) -------- (None) > --- PROPULSION (2) --- (None) > --- UTILITY (2) ------ Medium Storage Unit ECM Suite > --- WEAPON (2) ------- Light Cannon > --- INVENTORY (10) --- Light Ion Engine Armored Wheel Visual Processing Unit Sensor Array Signal Interpreter Improved Terrain Scanner Datajack Mining Laser Peak State ------------ > --- POWER ------------ Light Ion Engine > --- PROPULSION ------- Aluminum Leg Aluminum Leg > --- UTILITY ---------- Medium Storage Unit Improved Terrain Scanner > --- WEAPON ----------- Particle Gun Assault Rifle > --- INVENTORY -------- Light Ion Engine Armored Wheel Small Storage Unit Particle Gun Particle Gun Light Assault Rifle Mining Laser [Rating: 11] Favorites ----------- Power Light Ion Engine Engine Light Ion Engine Propulsion Aluminum Leg Leg Aluminum Leg Utility Medium Storage Unit Device Sensor Array Storage Medium Storage Unit Weapon Assault Rifle Energy Gun Particle Gun Ballistic Gun Assault Rifle Ballistic Cannon Light Cannon Build | -11 -10 -10 ------- Run | Yrd Mat Sub Slots Evolved . | . . . Power . | . . . Propulsion . | . . . Utility . | . . . Weapon . | . . . Parts Attached 20 | 7 10 3 Power 2 | 1 1 . Engine 2 | 1 1 . Core . | . . . Reactor . | . . . Propulsion 3 | 2 1 . Treads . | . . . Leg 3 | 2 1 . Wheel . | . . . Hover . | . . . Flight . | . . . Utility 5 | 2 2 1 Device 3 | 1 1 1 Storage 2 | 1 1 . Processor . | . . . Hackware . | . . . Protection . | . . . Artifact . | . . . Weapon 10 | 2 6 2 Energy Gun 3 | 1 2 . Energy Cannon . | . . . Ballistic Gun 4 | 1 2 1 Ballistic Cannon 3 | . 2 1 Launcher . | . . . Special Weapon . | . . . Impact Weapon . | . . . Slashing Weapon . | . . . Piercing Weapon . | . . . Special Melee Weapon . | . . . Unidentified Prototypes . | . . . Parts Lost 7 | . 1 6 Power 2 | . 1 1 Propulsion 2 | . . 2 Utility . | . . . Weapon 3 | . . 3 Highest Loss Streak 6 | . 1 6 To Critical Strikes . | . . . Average Slot Usage (%) 98 | . 99 79 Engine 13 | . 13 10 Leg 27 | . 28 16 Device 14 | . 14 14 Storage 14 | . 14 14 Energy Gun 3 | . 2 12 Ballistic Gun 11 | . 12 . Ballistic Cannon 12 | . 12 12 Naked Turns . | . . . Heaviest Build 21 | 13 20 21 Greatest Support 20 | 20 20 20 Greatest Overweight (x) 6 | 3 . 6 Average Overweight (x) . | . . . Largest Inventory Capacity 10 | 8 10 10 Average Capacity 9 | 7 9 10 Most Carried 10 | 3 10 10 Average Carried 8 | 1 9 9 Final Capacity 10 | 8 10 10 Final Carried 10 | 3 10 8 Class Distribution -------------------- 100% | Mutant Dominant Class ---------------- Mutant | -10/Materials Mutant | -10/Subcaves Resources | -11 -10 -10 ----------- Run | Yrd Mat Sub Matter Collected 610 | 297 313 . Remotely . | . . . Salvage Created 613 | 209 404 . Parts 41 | 17 24 . Haulers Intercepted . | . . . Recyclers Shooed 3 | . 3 . Parts Field Recycled . | . . . Retrieved Matter . | . . . Parts Self-Destructed . | . . . Prevented . | . . . Kills | -11 -10 -10 ------- Run | Yrd Mat Sub Combat Hostiles Destroyed 11 | . 11 . Guns 7 | . 7 . Cannons 4 | . 4 . Classes Destroyed 6 | 2 4 . Builder 1 | . 1 . Tunneler 6 | 5 1 . Recycler 3 | 1 2 . Watcher 1 | . 1 . Swarmer 9 | . 9 . Grunt 2 | . 2 . Best Kill Streak 4 | 4 3 . Combat Bots Only 3 | . 3 . Max Kills in Single Turn 1 | 1 1 . Gunslinging . | . . . Exploded . | . . . Melee . | . . . Uniques/NPCs Destroyed . | . . . Combat | -11 -10 -10 -------- Run | Yrd Mat Sub Hostile Shots Fired 119 | . 87 32 Missed 28 | . 21 7 Damage Taken 1125 | . 523 602 Core 271 | . 100 171 Absorbed by Shields . | . . . Regen/Repaired (Parts) 16 | . 16 . Core Remaining (%) 100 | 100 . . Volleys Fired 76 | 9 55 12 Largest 2 | 2 2 2 Hottest 100 | 70 100 100 Shots Fired 126 | 18 90 18 Gun 94 | 18 68 8 Cannon 32 | . 22 10 Launcher . | . . . Special . | . . . Kinetic 81 | 9 62 10 Thermal 45 | 9 28 8 Explosive . | . . . Electromagnetic . | . . . Robot Hit Streak 13 | 5 5 13 Robot Miss Streak 4 | 1 4 1 Penetration Max . | . . . Secondary Targets 1 | . 1 . Max Gunslinging Chain 1 | . 1 . Shots Hit Robots 77 | 12 49 16 Core Hits 27 | 7 19 1 Critical Kills . | . . . Critical Parts Destroyed . | . . . Critical Strikes 3 | 1 2 . Burn 3 | 1 2 . Melee Attacks . | . . . Impact . | . . . Slashing . | . . . Piercing . | . . . Sneak Attacks . | . . . Combat Hostiles . | . . . Follow-up Attacks . | . . . Damage Inflicted 1100 | 160 684 256 Guns 764 | 160 500 104 Cannons 325 | . 173 152 Explosions . | . . . Melee . | . . . Ramming 11 | . 11 . Kinetic 658 | 87 419 152 Thermal 431 | 73 254 104 Explosive . | . . . Electromagnetic . | . . . Impact . | . . . Slashing . | . . . Piercing . | . . . Highest Corruption 1 | . 1 1 Average Corruption 1 | . 1 1 Corruption Purged . | . . . Corruption Blocked . | . . . Effects 11 | . 11 . Message Errors 6 | . 6 . Matter Fused 2 | . 2 . Heat Flow Errors 2 | . 2 . Data Loss (minor) 1 | . 1 . Overload Shots . | . . . Overflow Damage . | . . . Projectiles . | . . . Explosions . | . . . Melee . | . . . Knockbacks 8 | . 4 4 Impact . | . . . Kinetic 7 | . 3 4 Secondary 1 | . 1 . Self-Inflicted Damage . | . . . Shots . | . . . Rammed . | . . . Targets Rammed 1 | . 1 . Kicked 1 | . 1 . Crushed . | . . . Highest Temperature 321 | 27 321 264 Average Temperature 87 | 9 101 111 Received Heat Transfer 414 | . 6 408 Effects 1 | . 1 . Interference 1 | . 1 . Siege Activations . | . . . Robots Corrupted . | . . . Combat Hostiles . | . . . Parts Fried . | . . . Impact Corruptions . | . . . Robots Melted . | . . . Combat Hostiles . | . . . Parts Melted 1 | . 1 . Heat Transferred 1332 | 296 777 259 Parts Sabotaged . | . . . Parts Stolen . | . . . Parts Stripped . | . . . Power Chain Reactions . | . . . Alert | -11 -10 -10 ------- Run | Yrd Mat Sub Peak Influence 260 | 30 260 . Initial 19 | . 19 . Average 68 | 12 74 . Maximum Alert Level 1 | . 1 . Low Security (%) 92 | 100 91 . Level 1 7 | . 8 . Level 2 . | . . . Level 3 . | . . . Level 4 . | . . . Level 5 . | . . . High Security . | . . . Max Security . | . . . Squads Dispatched 2 | . 2 . Investigation 2 | . 2 . Extermination . | . . . Reinforcement . | . . . Assault . | . . . Garrison . | . . . Intercept . | . . . Searches Triggered . | . . . Construction Impeded . | . . . Haulers Reinforced . | . . . Active Scanning Responses . | . . . Cargo Convoy Interrupts . | . . . Stealth | -11 -10 -10 --------- Run | Yrd Mat Sub Distress Signals . | . . . Communications Jammed . | . . . Distress Signals . | . . . Times Spotted 20 | . 18 2 Peak Tracking Total 4 | . 4 2 Tactical Retreats . | . . . Traps | -11 -10 -10 ------- Run | Yrd Mat Sub Traps Triggered 2 | . 2 . Indirectly . | . . . Trap Hack Attempts . | . . . Triggered . | . . . Disarmed . | . . . Reprogrammed . | . . . Reused . | . . . Traps Extracted . | . . . Installed . | . . . Triggered . | . . . Machines | -11 -10 -10 ---------- Run | Yrd Mat Sub Machines Disabled . | . . . Max in Single Turn . | . . . Machines Repaired . | . . . Machines Dismantled . | . . . Machines Sabotaged . | . . . Overloaded Fab Kills . | . . . Hacking | -11 -10 -10 --------- Run | Yrd Mat Sub Machines Accessed 5 | . 5 . Terminals 3 | . 3 . Fabricators . | . . . Repair Stations 1 | . 1 . Recycling Units 1 | . 1 . Scanalyzers . | . . . Garrison Access . | . . . Total Hacks 19 | . 19 . Successful 8 | . 8 . Failed 11 | . 11 . Catastrophic 2 | . 2 . Database Lockouts . | . . . Manual 9 | . 9 . Terminals 13 | . 13 . Fabricators . | . . . Repair Stations 3 | . 3 . Recycling Units 3 | . 3 . Scanalyzers . | . . . Garrison Access . | . . . Terminal Hacks 4 | . 4 . Prototype ID Bank 1 | . 1 . Terminal Index 1 | . 1 . Recall Investigation 1 | . 1 . Hauler Manifests 1 | . 1 . Fabricator Hacks . | . . . Repair Station Hacks 2 | . 2 . Scan Component 1 | . 1 . Repair 1 | . 1 . Recycling Unit Hacks 2 | . 2 . Report Inventory 1 | . 1 . Retrieve Matter 1 | . 1 . Scanalyzer . | . . . Garrison Access Hacks . | . . . Unauthorized Hacks . | . . . Terminals . | . . . Fabricators . | . . . Repair Stations . | . . . Recycling Units . | . . . Scanalyzers . | . . . Garrison Access . | . . . Data Cores Recovered . | . . . Used . | . . . Hacking Detections 5 | . 5 . Full Trace Events 3 | . 3 . Feedback Events . | . . . Feedback Blocked . | . . . Robot Schematics Acquired . | . . . Robots Built . | . . . Authchips . | . . . Time . | . . . Total Robot Build Rating . | . . . Part Schematics Acquired . | . . . Parts Built . | . . . Authchips . | . . . Time . | . . . Total Part Build Rating . | . . . Parts Repaired 1 | . 1 . Time 38 | . 38 . Parts Recycled . | . . . Recycled Matter . | . . . Retrieved Matter . | . . . Retrieved Components . | . . . Parts Scanalyzed . | . . . Part Schematics Acquired . | . . . Parts Damaged . | . . . Bothacking | -11 -10 -10 ------------ Run | Yrd Mat Sub Used RIF Installer . | . . . Robots Hacked . | . . . Non-combat . | . . . Combat . | . . . Robot Hacks Applied . | . . . Relay Couplers Released . | . . . Fabnet Peak Effective % . | . . . Robots Rewired . | . . . Allies Hacked . | . . . Hacks Repelled . | . . . Allies | -11 -10 -10 -------- Run | Yrd Mat Sub Total Allies . | . . . Largest Group . | . . . Highest-Rated Group . | . . . Highest-Rated Ally . | . . . Total Orders . | . . . Ally Attacks . | . . . Total Damage . | . . . Kills . | . . . Allies Corrupted . | . . . Allies Melted . | . . . Intel | -11 -10 -10 ------- Run | Yrd Mat Sub Robot Analysis Total . | . . . Derelict Logs Recovered 1 | . . 1 Drone Launches . | . . . Drone Recoveries . | . . . Exploration | -11 -10 -10 ------------- Run | Yrd Mat Sub Turns Passed 1769 | 174 1525 70 Spaces Moved 1130 | 109 993 28 Core 18 | 17 . 1 Treads . | . . . Legs 1112 | 92 993 27 Wheels . | . . . Hover . | . . . Flight . | . . . Fastest Speed 50 | 50 120 120 Average Speed 120 | 121 120 128 Slowest Speed 350 | 200 120 350 Overloaded Moves . | . . . Propulsion Burnouts . | . . . Robots Hopped . | . . . Cave-ins Triggered . | . . . Exploration Rate (%) 36 | 6 99 5 Regions Visited 2 Branch Regions 1 Pre-discovered Areas . | . . . Known Exits Taken . | . . . Unknown Exits Taken 2 | 1 1 . Scrap Searched . | . . . Spaces Dug . | . . . Terrain Destroyed . | . . . Melee . | . . . Projectile . | . . . AOE . | . . . Terrain Rammed . | . . . Walls Destroyed . | . . . Machines Disabled . | . . . Actions | -11 -10 -10 --------- Run | Yrd Mat Sub Total 1413 | 131 1238 44 Wait 162 | . 161 1 Move 1128 | 108 992 28 Hop . | . . . Pick Up 17 | 7 10 . Fast Attach 5 | 3 2 . Attach 7 | 4 1 2 Detach 1 | . 1 . Swap 8 | . 7 1 Drop 8 | . 8 . Fire 76 | 9 55 12 Melee . | . . . Ram . | . . . Kick 1 | . 1 . Crush . | . . . Escape Stasis . | . . . Rewire . | . . . Trap . | . . . Miscellaneous . | . . . Route ------- -11/Scrapyard -10/Materials (discovered 6 exits: [*Mat x3] / [*Min x2] / [*Sub]) -10/Subcaves (discovered 1 exit: Mat) History --------- Turn | Location | Event 21 | -11/Scrapyard | Discovered new exit (range 16) 175 | -11/Scrapyard | Entered Materials 312 | -10/Materials | Build established: Mutant 504 | -10/Materials | Discovered new exit (range 8) 600 | -10/Materials | Repaired Imp. Terrain Scanner 685 | -10/Materials | Discovered new exit (range 8) 1111 | -10/Materials | Discovered new exit (range 10) 1168 | -10/Materials | Discovered new exit (range 16) 1363 | -10/Materials | Discovered new exit (range 12) 1584 | -10/Materials | Discovered new exit (range 5) 1700 | -10/Materials | Entered Subcaves 1709 | -10/Subcaves | Identified exit to Materials 1759 | -10/Subcaves | Core integrity fell below 50% 1767 | -10/Subcaves | Core integrity fell below 20% 1770 | -10/Subcaves | Destroyed by QP-RTY(R) with Subdweller Beam Cannon Last Messages --------------- Acquired 69 matter. R-06 Scavenger suffers critical hit (Burn). R-06 Scavenger destroyed. Acquired 10 matter. Kicked T-07 Excavator. LOCATION=UNKNOWN AMBIENT_HEAT=-10 GOAL=ESCAPE Acquired derelict log, extracted data. N8-L2G(R) knocked back. Aluminum Leg destroyed. N8-L2G(R) knocked back. Aluminum Leg destroyed. Lgt. Ion Engine destroyed. N8-L2G(R) knocked back. Lgt. Cannon destroyed. Assault Rifle destroyed. Particle Gun destroyed. Critical hit (Meltdown: +300). QP-RTY(R) knocked back. Map ----- +----------------------------------------------------+ | ?????????????????????????????????????????????????? | | ?????????????????????????????????????????????????? | | ?????????????????????????????????????????????????? | | ?????????????????????????????????????????????????? | | ?????????????????????????????????????????????????? | | ?????????????????????????????????????????????????? | | ?????????????????????????????????????????????????? | | ?????????????????????????????????????????????????? | | ????????????????????????? ???????????????????????? | | ????????????????????????? ??????????????????????? | | ????????????????????????? "??#???????????????????? | | ????????????????????????? "##"???????????????????? | | ???????????????????#????#" """???????????????????? | | ??????????????????## ?#"" " "???????????????????? | | ???????????????????" """" "???????????????????? | | ????????????????????" """" ????????????????????? | | ???????????????????? " "" ????????????????????? | | ??????????????????????" ????????????????????? | | ???????????????????????" #????????????????????? | | ???????????????????????? ##???????????????????? | | ?????????????????????????# #???????????????????? | | ????????????????????????##% ##???????????????????? | | ????????????????????????# % %#???????????????????? | | ???????????????????????### RR#???????????????????? | | ???????????????????????#;; #???????????????????? | | ????????????????????????#@ #???????????????????? | | ??????????????? ??????# ##???????????????????? | | ?????????????? ?????## ##???????????????????? | | ?????????????? ???### ##??????????????????? | | ??????????????# #?## ##?????????????????? | | ???????????????# ## #?????????????????? | | ???????????????# ##?????????????????? | | ???????????????# ## #??????????????????? | | ???????????????# ??## #??????????????????? | | ??????????????## #### ##?????????????????? | | ??????????????# #?????????????????? | | ?????????????## #?????????????????? | | ????????????## ###???????????????? | | ???????????## ### ##??????????????? | | ???????? ### #### #??????????????? | | ???????? ## #??????????????? | | ??????? ##??????????????? | | ?????????# ####???????????????? | | ???????????# ### ##??????????????????? | | ???????????# #### #?####???????????????????? | | ??????????# ?????## #????????????????????????? | | ???????????? ????????####????????????????????????? | | ?????????????????????????????????????????????????? | | ?????????????????????????????????????????????????? | | ?????????????????????????????????????????????????? | +----------------------------------------------------+ Best States ------------- Heat Dissipation 25 Energy Generation 10 Energy Capacity 125 Matter Stores 300 Matter Capacity 300 Sight Range 16 Robot Scan Range 14 Terrain Scan Range 16 Terrain Scan Density 10 ECM Strength 1 Evasion (%) 55 Item Schematics ----------------- None Robot Schematics ------------------ None Fabricated ------------ Nothing Alien Tech Used ----------------- None Achievements -------------- None Challenges ------------ None Game ------ Seed SwarmCombatBrace Manual? 0 Play Time 00:20:44 Cumulative 26.8 hours Start 2024.04.08 @ 17:59:55 End 2024.04.08 @ 18:20:59 Sessions 1 Manual Loads 0 Difficulty Rogue Special Mode None Game No. 36 Rogue 36 Adventurer 0 Explorer 0 Win Type - Total 0 Types 0/0/0/0/0/0/0/0/0 Lore% 18 Gallery% 23 Achievement% 17 Wizard Run 0 Options --------- Layout 1 ASCII 0 Keyboard 1 Movement Numpad Keybinds 0 Fullscreen 1 Font 48/Terminus Map View 50x35 Zoom Use 12% Tactical HUD 0 Map Filters NONE Filters BRIGHTNESS(75) Steam 1 RUN: 5f5b0e3d-0b39-40bd-a7ec-f51ffac2fecb